 Dungeon Crawl Stone Soup version 0.17.0-23-g0de4337 (webtiles) character file.

113 oplop the Gusty (level 4, 0/24 HPs)
             Began as a Tengu Air Elementalist on Nov 13, 2015.
             Slain by MTVSty1e's ghost (4 damage)
             ... on level 3 of the Dungeon.
             The game lasted 00:04:10 (1647 turns).

oplop the Gusty (Tengu Air Elementalist)            Turns: 1647, Time: 00:04:11

Health: 0/24       AC:  2    Str:  8    XL:     4   Next: 96%
Magic:  3/9        EV: 13    Int: 16    God:
Gold:   179        SH:  0    Dex: 15    Spells: 1 memorised, 7 levels left

rFire  + . .     SeeInvis .     f - +0 spear
rCold  . . .     Clarity  .     a - +0 robe
rNeg   . . .     SustAt   .     (no shield)
rPois  .         Gourm    .     (helmet restricted)
rElec  .         Spirit   .     (no cloak)
rCorr  .         Warding  .     (no gloves)
rMut   .         Stasis   .     (boots unavailable)
MR     .....                    (no amulet)
Stlth  ++........               (no ring)
                                j - ring of protection from fire

@: lethally poisoned (0 -> -6), very slightly contaminated, not resistant to
hostile enchantments, unstealthy
A: beak, talons 3
a: no special abilities


You were on level 3 of the Dungeon.
You were not hungry.

You visited 1 branch of the dungeon, and saw 3 of its levels.

You collected 179 gold pieces.

Inventory:

Hand Weapons
 f - a +0 spear (weapon)
Armour
 a - a +0 robe (worn)
Jewellery
 j - a ring of protection from fire (left hand)
 n - an uncursed amulet of stasis
Scrolls
 e - a scroll of fear {unknown}
 g - a scroll of remove curse {unknown}
 k - 2 scrolls of recharging {unknown}
 m - 3 scrolls of teleportation {unknown}
 q - 2 scrolls of identify {unknown}
 r - 3 scrolls of noise {unknown}
Potions
 d - a potion of lignification {unknown}
 h - a potion of flight {unknown}
 p - a potion of curing {unknown}
Books
 b - a book of Air

   Spells                             Type                      Level
   a - Shock                          Conjuration/Air              1
   b - Swiftness                      Charms/Air                   2
   c - Repel Missiles                 Charms/Air                   2
   d - Static Discharge               Conjuration/Air              3
   e - Lightning Bolt                 Conjuration/Air              5
 o - a Fen Folio

   Spells                             Type                      Level
   a - Corpse Rot                     Necromancy                   2
   b - Stone Arrow                    Conjuration/Earth            3
   c - Leda's Liquefaction            Hexes/Earth                  4
   d - Summon Forest                  Summoning/Translocation      5
   e - Hydra Form                     Transmutation                6
   f - Summon Hydra                   Summoning                    7
Comestibles
 c - 2 bread rations
 i - 8 fruits
 l - 2 meat rations
 s - a chunk of flesh


   Skills:
 + Level 3.2 Dodging
 - Level 2.0 Stealth
 + Level 2.9 Spellcasting
 + Level 3.0 Conjurations
 + Level 5.0 Air Magic


You had 7 spell levels left.
You knew the following spells:

 Your Spells              Type           Power        Failure   Level  Hunger
a - Shock                 Conj/Air       ###.         4%          1    #......


Dungeon Overview and Level Annotations

Branches:
Dungeon (3/15)

Altars:
Kikubaaqudgha
Makhleb
Zin

Annotations:
D:3 MTVSty1e's ghost, novice GrFi


Innate Abilities, Weirdness & Mutations

You have a beak for a mouth.
You have claws for feet.


Message History

Press: ? - help, Shift-Dir - straight line, f/p - adder
Aim: an adder (heavily wounded)
You miscast Shock.
You are very lightly contaminated with residual magic.
Nothing appears to happen.
MTVSty1e's ghost hits you.
* * * LOW HITPOINT WARNING * * *
The adder closely misses you.
Casting: Shock
Confirm with . or Enter, or press ? or * to list all spells.
Aiming: Shock
Press: ? - help, Shift-Dir - straight line, f/p - adder
Aim: an adder (heavily wounded)
The zap hits MTVSty1e's ghost.
MTVSty1e's ghost appears unharmed.
The zap hits the adder.
You kill the adder!
Your Conjurations skill increases to level 3!
Your Air Magic skill increases to level 5!
* * * LOW HITPOINT WARNING * * *
You feel sick. MTVSty1e's ghost hits you.
You die...

#..........#.#
#...######.... #...#
#..$. #...######....
###........#....
...........##...##
...............J†#
...........## #W# #
###........##.##@##.#
#...#######.......#
#...# ####.#### #.#.#
#.# ##. #.# ..#
#####.## ##.
#......####.# #
#.##........# ###
####.##...######


You could see MTVSty1e's ghost and an ooze.

Vanquished Creatures
  A hound (D:3)
  4 adders
  3 worms
  An orc (D:3)
  2 giant cockroaches
  6 goblins
  5 hobgoblins
  6 kobolds
  3 bats
  4 giant newts
  2 jackals (D:1)
  6 rats
43 creatures vanquished.

Notes
Turn   | Place    | Note
--------------------------------------------------------------
     0 | D:1      | oplop the Tengu Air Elementalist began the quest for the Orb.
     0 | D:1      | Reached XP level 1. HP: 10/10 MP: 4/4
   102 | D:1      | Reached XP level 2. HP: 10/15 MP: 1/6
   737 | D:2      | Reached XP level 3. HP: 17/19 MP: 0/7
  1152 | D:2      | Found a glowing silver altar of Zin.
  1159 | D:2      | Found an ancient bone altar of Kikubaaqudgha.
  1267 | D:3      | Reached XP level 4. HP: 24/24 MP: 4/9
  1410 | D:3      | Found a burning altar of Makhleb.
  1482 | D:3      | Noticed MTVSty1e's ghost (novice GrFi)
  1647 | D:3      | Reached skill level 5 in Air Magic
  1647 | D:3      | Slain by MTVSty1e's ghost

Action                   |  1- 3 |  4- 6 || total
-------------------------+-------+-------++-------
Melee: Spear             |    51 |    15 ||    66
 Cast: Shock             |    48 |    27 ||    75
 Stab: Sleeping          |     2 |     2 ||     4
  Eat: Chunk             |     1 |     2 ||     3
